 Dungeon Crawl Stone Soup version 0.31-a0-246-g8cbcc1cb85 (webtiles) character file.

Game seed: 12262692184539287923

342 qw the Shooter (level 6, -1/53 HPs)
             Began as a Minotaur Hexslinger on July 12, 2023.
             Slain by Pikel
             ... wielding a +2 whip of flaming
              (2 damage)
             ... on level 4 of the Dungeon.
             The game lasted 00:01:03 (2537 turns).

qw the Shooter (Minotaur Hexslinger)                Turns: 2537, Time: 00:01:03

Health: -1/53      AC:  3    Str: 13    XL:     6   Next: 30%
Magic:  6/6        EV: 12    Int: 10    God:
Gold:   69         SH:  0    Dex: 14    Spells: 6/7 levels left

rFire   . . .        Y - +1 sling (drain)
rCold   . . .        (no shield)
rNeg    . . .        i - +0 leather armour
rPois   .            (helmet restricted)
rElec   .            (no cloak)
rCorr   .            (no gloves)
SInv    .            (no boots)
Will    .....        (no amulet)
Stlth   +            (no ring)
HPRegen 0.28/turn    (no ring)
MPRegen 0.10/turn

%: no passive effects
@: about to teleport
A: horns 2, retaliatory headbutt
a: no special abilities


You were on level 4 of the Dungeon.
You visited 1 branch of the dungeon, and saw 4 of its levels.
You also visited: Sewer.

You collected 69 gold pieces.


Innate Abilities, Weirdness & Mutations

You have a pair of horns on your head.
You reflexively headbutt those who attack you in melee.


   Skills:
 - Level 4.3 Fighting
 + Level 6.3 Ranged Weapons
 - Level 2.1 Dodging
 - Level 1.0 Spellcasting
 - Level 2.0 Hexes


You had 6 spell levels left.
You knew the following spells:

 Your Spells              Type           Power      Damage    Failure   Level
a - Slow                  Hex            16%        N/A       19%         1

Your spell library contained the following spells:

 Spells                   Type           Power      Damage    Failure   Level
 Inner Flame              Hex/Fire       2%         N/A       65%         3
 Portal Projectile        Hex/Tloc       4%         N/A       65%         3
 Cause Fear               Hex            2%         N/A       88%         4

Inventory:

Hand Weapons
 Y - a +1 sling of draining (weapon)
Armour
 i - a +0 leather armour (worn)
Scrolls
 g - a scroll of enchant armour
 j - a scroll of identify
Potions
 a - a potion of magic {unknown}
 b - a potion of invisibility {unknown}
 c - a potion of resistance {unknown}
 d - 3 potions of curing
 e - a potion of haste
 f - a potion of enlightenment {unknown}
 k - a potion of attraction {unknown}
 l - a potion of heal wounds

Dungeon Overview and Level Annotations

Branches:
Dungeon (4/15)              Sewer (visited)
 Temple: D:4-7

Altars:

Annotations:
D:4 1 runed translucent door, Pikel, Sigmund


Message History

The lemure hits you.
Sigmund hits you from afar with a +0 vampiric scythe.
Sigmund draws strength from your wounds!
You shoot a sling bullet.
The sling bullet closely misses the lemure.
The sling bullet hits Pikel.
You drain Pikel.
Pikel is lightly wounded.
The lemure hits you. x2
A lemure comes into view.
Sigmund hits you from afar with a +0 vampiric scythe.
You shoot a sling bullet.
The sling bullet closely misses the lemure.
The sling bullet hits Pikel.
Pikel is moderately wounded.
The lemure hits you.
A lemure comes into view.
Sigmund closely misses you.
You shoot a sling bullet. The sling bullet barely misses Pikel.
The sling bullet barely misses the lemure.
Pikel zaps a wand.
You resist with some effort. The lemure barely misses you. x2
You shoot a sling bullet. The sling bullet hits Pikel!
Pikel is heavily wounded.
Pikel hits you with a +2 whip of flaming.
Pikel burns you. Sigmund closely misses you.
Pikel zaps a wand.
You resist with some effort. The lemure barely misses you. The lemure hits you!
You shoot a sling bullet. The sling bullet barely misses Pikel.
The sling bullet hits the lemure.
The lemure is lightly wounded.
Pikel says, "I'm sure the Orcish Mines are around here somewhere..."
Pikel hits you with a +2 whip of flaming!
Pikel burns you. The lemure hits you. The lemure closely misses you.
Sigmund hits you from afar with a +0 vampiric scythe.
Sigmund draws strength from your wounds!
Pikel closely misses you.
2537 ||| READING scroll of teleportation.
As you read the scroll of teleportation, it crumbles to dust.
You feel strangely unstable.
Pikel hits you with a +2 whip of flaming.
Pikel burns you.
You die...

##############
#............#
#............#
#............#
#............#
#............# .
#............#
....####@###.....###
.......5.K@#.%.....##
.........55+)<......8
........5..#.%%......
...........#.)......#
...|##...###....###.#
.... #.(.# .....#p+.#
### #...+.....(###.#
+...#..........#
#...........


You could see Pikel (fast, drained), 4 lemures and Sigmund.

Vanquished Creatures
  An ice beast (D:3)
  A kobold brigand (Sewer)
  8 adders
  3 river rats (Sewer)
  2 worms (D:3)
  3 dart slugs
  An orc (D:3)
  8 endoplasms
  2 giant cockroaches (D:1)
  2 goblins
  3 hobgoblins
  6 jackals
  18 kobolds
  2 quokkas (D:3)
  3 ball pythons
  2 bats (D:1)
  2 frilled lizards (D:1)
  A jackal skeleton (D:4)
  9 rats
77 creatures vanquished.

Notes
Turn   | Place    | Note
-------+----------+-------------------------------------------
     0 | D:1      | qw the Minotaur Hexslinger began the quest for the Orb.
     0 | D:1      | Reached XP level 1. HP: 16/16 MP: 1/1
     0 | D:1      | 0 ||| qw: Version: 0.3-a-52-g30416fa
     0 | D:1      | 0 ||| qw: Game counter: 6399
     0 | D:1      | 0 ||| qw: Melee chars always use a shield: true
     0 | D:1      | 0 ||| qw: God list: Okawaru
     0 | D:1      | 0 ||| qw: Allow faded altars: false
     0 | D:1      | 0 ||| qw: Do Orc after clearing Dungeon:15 true
     0 | D:1      | 0 ||| qw: Do second Lair branch before Depths: true
     0 | D:1      | 0 ||| qw: Lair rune preference: random
     0 | D:1      | 0 ||| qw: Goals: Normal
     0 | D:1      | 0 ||| PLANNING D:1-11
   186 | D:1      | Reached skill level 3 in Ranged Weapons
   211 | D:1      | Reached XP level 2. HP: 17/23 MP: 2/2
   468 | D:1      | Reached XP level 3. HP: 27/29 MP: 3/3
   659 | D:1      | 659 ||| DROPPING scroll of poison.
   884 | D:2      | Reached skill level 4 in Ranged Weapons
  1095 | D:2      | Found a faded altar of an unknown god.
  1262 | D:2      | 1262 ||| UPGRADING to +0 leather armour.
  1272 | D:2      | 1272 ||| DROPPING +0 robe.
  1273 | D:2      | 1273 ||| READING scroll labelled HEUM YVIVITT.
  1274 | D:2      | 1274 ||| READING scroll labelled LUYKYD KAEJAI.
  1275 | D:2      | 1275 ||| READING scroll labelled XAIPNI PUOWESH.
  1278 | D:2      | 1278 ||| READING scroll labelled ENUUTR IL GUVI.
  1279 | D:2      | 1279 ||| DRINKING 3 black potions.
  1284 | D:3      | 1284 ||| PLANNING SEWER
  1336 | D:3      | Reached XP level 4. HP: 36/36 MP: 4/4
  1349 | D:3      | Noticed an ice beast
  1358 | D:3      | Killed an ice beast
  1359 | D:3      | Reached skill level 5 in Ranged Weapons
  1359 | D:3      | Reached XP level 5. HP: 40/41 MP: 5/5
  1725 | D:3      | Reached skill level 3 in Fighting
  1787 | D:3      | Found a glowing drain.
  1788 | D:3      | 1788 ||| READING scroll labelled VED XELUJE.
  1863 | D:3      | 1863 ||| READING scroll labelled GIJUTI VULAZO.
  1864 | D:3      | 1864 ||| READING scroll labelled TIH YMIWUNE.
  1865 | D:3      | 1865 ||| READING scroll labelled PUTZEN ANKUL.
  1866 | D:3      | 1866 ||| READING scroll labelled OXKIUTHR IHAFIL.
  1871 | Sewer    | Entered a sewer
  1878 | Sewer    | Reached skill level 6 in Ranged Weapons
  1881 | Sewer    | 1881 ||| Stepping ~*~*~tactically~*~*~ (water).
  1885 | Sewer    | 1885 ||| Stepping ~*~*~tactically~*~*~ (water).
  1900 | Sewer    | 1900 ||| Stepping ~*~*~tactically~*~*~ (water).
  1925 | Sewer    | 1925 ||| Stepping ~*~*~tactically~*~*~ (water).
  1939 | Sewer    | 1939 ||| Stepping ~*~*~tactically~*~*~ (water).
  1941 | Sewer    | 1941 ||| Stepping ~*~*~tactically~*~*~ (water).
  1951 | Sewer    | HP: 11/45 [poisoned by a kobold brigand (curare-tipped
                  | dart)]
  1952 | Sewer    | 1952 ||| READING scroll of teleportation.
  1952 | Sewer    | HP: 5/45 [kobold brigand/+0 dagger (2)]
  1954 | Sewer    | Reached XP level 6. HP: 6/53 MP: 6/6
  1955 | Sewer    | HP: 1/53 [kobold/+0 whip (3)]
  1956 | Sewer    | 1956 ||| Stepping ~*~*~tactically~*~*~ (water).
  2180 | Sewer    | 2180 ||| Stepping ~*~*~tactically~*~*~ (water).
  2182 | Sewer    | 2182 ||| Stepping ~*~*~tactically~*~*~ (water).
  2294 | Sewer    | 2294 ||| Stepping ~*~*~tactically~*~*~ (water).
  2374 | Sewer    | 2374 ||| DRINKING 2 pink potions.
  2375 | Sewer    | 2375 ||| DRINKING 2 viscous purple potions.
  2413 | D:3      | 2413 ||| PLANNING D:1-11
  2485 | D:4      | Noticed a human
  2485 | D:4      | Found a runed translucent door.
  2522 | D:4      | Noticed Sigmund
  2523 | D:4      | Noticed Pikel
  2524 | D:4      | 2524 ||| FLEEEEING.
  2525 | D:4      | 2525 ||| FLEEEEING.
  2526 | D:4      | 2526 ||| FLEEEEING.
  2536 | D:4      | HP: 13/53 [Pikel/+2 whip of flaming (2)]
  2537 | D:4      | 2537 ||| READING scroll of teleportation.
  2537 | D:4      | HP: 1/53 [Pikel/+2 whip of flaming (6)]
  2537 | D:4      | Slain by Pikel

Levels and vault maps discovered:
D:1:      minmay_arrival_split_and_join, layout_rooms,
          chequers_serial_rivers_micro_c
D:2:      layout_loops_ring, hellmonk_ecumenical_altar_leap_of_faith
D:3:      layout_rooms, lightli_sewer_entry_pipes, dreamdust_princess_corridor,
          minmay_close_crescents
D:4:      layout_gridville, nicolae_ru_great_annihilating_truth,
          dk_yredelemnul_ordeal, temple_fountains, uniq_pikel, uniq_sigmund,
          uniq_natasha

Skill      XL: |  1  2  3  4  5 |
---------------+----------------+-----
Ranged Weapons | 3 4 5 6 |  6.3
Fighting       | 2 4 |  4.3
Dodging        | |  2.1
Spellcasting   | |  1.0
Hexes          | |  2.0

Action                     |  1- 3 |  4- 6 || total
---------------------------+-------+-------++-------
   Fire: Sling             |   107 |   121 ||   228
    Use: Scroll            |     4 |     7 ||    11
         Potion            |     1 |     2 ||     3
 Armour: Robe              |     7 |       ||     7
         Leather armour    |       |    14 ||    14
  Dodge: Dodged            |    30 |    48 ||    78

Table legend:
 A = Non-vault XP
 B = Vault XP
 C = Vault XP percentage of total XP
 D = Non-vault monster count
 E = Vault monster count
 F = Vault count percentage of total count
                 A         B        C        D         E       F
            +---------+---------+-------+---------+---------+-------
      Total |     141 |     348 |  71.2 |      53 |      24 |  31.2
            +---------+---------+-------+---------+---------+-------
        D:1 |      46 |       0 |   0.0 |      26 |       0 |   0.0
        D:2 |      47 |       0 |   0.0 |      13 |       0 |   0.0
        D:3 |      37 |     182 |  83.1 |       8 |       7 |  46.7
        D:4 |      11 |       1 |   8.3 |       6 |       1 |  14.3
      Sewer |       0 |     165 | 100.0 |       0 |      16 | 100.0
            +---------+---------+-------+---------+---------+-------
